 Dungeon Crawl Stone Soup version 0.29.1-1-gd02db6906a (webtiles) character file.

Game seed: 3604521572082309164

43 Marcotte the Conjurer (level 3, 0/24 HPs)
             Began as a Human Conjurer on Sept 19, 2022.
             Succumbed to an adder's poison
             ... on level 4 of the Dungeon.
             The game lasted 00:08:13 (2393 turns).

Marcotte the Conjurer (Human Conjurer)              Turns: 2393, Time: 00:08:13

Health: 0/24       AC:  2    Str:  7    XL:     3   Next: 82%
Magic:  14/15      EV: 12    Int: 20    God:
Gold:   19         SH:  0    Dex: 11    Spells: 3/6 levels left

rFire   . . .      SeeInvis .   h - +0 quarterstaff
rCold   . . .      Faith    .   (shield currently unavailable)
rNeg    . . .      Spirit   .   a - +0 robe
rPois   .          Reflect  .   (no helmet)
rElec   .          Harm     .   (no cloak)
rCorr   .          Rampage  .   (no gloves)
Will    .....                   (no boots)
Stlth   ++........              (no amulet)
HPRegen 0.08/turn               k - ring of magical power
MPRegen 0.14/turn               (no ring)

@: lethally poisoned (0 -> -2)
A: no striking features
a: no special abilities


You were on level 4 of the Dungeon.
You visited 1 branch of the dungeon, and saw 3 of its levels.

You collected 19 gold pieces.

Inventory:

Hand Weapons
 h - a +0 quarterstaff (weapon)
Armour
 a - a +0 robe (worn)
Jewellery
 k - a ring of magical power (left hand)
Scrolls
 d - a scroll of enchant weapon
 e - 2 scrolls of vulnerability
 f - 2 scrolls of teleportation {unknown}
 g - a scroll of fog
 i - a scroll of noise
Potions
 b - a potion of magic
 c - 4 potions of curing
 j - a potion of heal wounds {unknown}


   Skills:
 + Level 0.3 Staves
 + Level 2.2 Dodging
 + Level 2.4 Stealth
 + Level 2.0 Spellcasting
 + Level 4.8 Conjurations


You had 3 spell levels left.
You knew the following spells:

 Your Spells              Type           Power      Damage    Failure   Level
a - Magic Dart            Conj           84%        1d7       2%          1
b - Searing Ray           Conj           42%        2d6       3%          2

Your spell library contained the following spells:

 Spells                   Type           Power      Damage    Failure   Level
 Dazzling Flash           Conj/Hex       22%        N/A       17%         3
 Fulminant Prism          Conj/Hex       5%         3d7       50%         4
 Iskenderun's Mystic Bla  Conj/Tloc      11%        2d4       50%         4


Dungeon Overview and Level Annotations

Branches:
Dungeon (2/15)

Altars:
Zin

Shops:
D:1 (

Annotations:
D:4 Eustachio, Pargi, Sigmund


Message History

Press: ? - help, Shift-Dir - straight line, f/p - hound
Aim: a hound (moderately wounded, 100% to hit)
The magic dart hits the hound.
The hound is moderately wounded.
The hound completely misses you.
Eustachio casts a spell.
Casting: Magic Dart (safe; 2% risk of failure)
Confirm with . or Enter, or press ? or * to list all spells.
Aiming: Magic Dart (safe; 2% risk of failure)
Press: ? - help, Shift-Dir - straight line, f/p - hound
Aim: a hound (moderately wounded, 100% to hit)
The magic dart hits the hound.
The hound is heavily wounded.
The hound barely misses you.
The hound pauses to sniff the ground.
The hound closely misses you.
The quokka twitches its whiskers.
The hound attacks as you move away! The hound bites you.
An adder comes into view.
The hound bites you. The hound attacks as you move away!
The hound closely misses you. The hound attacks as you move away!
The hound bites you. x2
The hound attacks as you move away! The hound misses you.
The hound stops to sniff the ground.
The hound barely misses you.
Eustachio mumbles some strange words.
Sigmund the Dreaded comes into view.
He is wielding a +0 scythe.
The hound barely misses you.
The shadow imp laughs crazily.
The adder attacks as you move away! The adder bites you.
You are poisoned.
The adder poisons you!
You feel sick. The adder attacks as you move away!
The adder completely misses you.
You feel sick. The hound bites you.
* * * LOW HITPOINT WARNING * * *
The hound bites you.
* * * LOW HITPOINT WARNING * * *
* * * LOW HITPOINT WARNING * * *
You feel sick.
You die...

#.#..'.......... .........
.#...'...r..######....#...
#.#♣♣###...@##......#...#
..♣ #...##...T......#..#
..♣ ######..####5......#
''##.......## ##r...#.#
$....###### #Sh..#.##
....## #######.........
....#######.....@.#.##.###
#.#@........#######...
#### .....### ##...?.#
.###.## ########...!.#
###...########....§..@#..
[...........5.##########.
##..#..8.###### #.###....#
#.#.#..8.#


You could see a hound, an adder and a quokka (summoned).

Vanquished Creatures
  An adder (D:2)
  A dart slug (D:1)
  An endoplasm (D:2)
  A goblin (D:1)
  3 hobgoblins
  9 jackals
  A kobold (D:1)
  A quokka (D:1)
  2 ball pythons (D:2)
  2 bats (D:2)
  3 frilled lizards
  4 rats
29 creatures vanquished.

Notes
Turn   | Place    | Note
-------+----------+-------------------------------------------
     0 | D:1      | Marcotte the Human Conjurer began the quest for the Orb.
     0 | D:1      | Reached XP level 1. HP: 13/13 MP: 3/3
   234 | D:1      | Found Weank's Weapon Emporium.
   299 | D:1      | Reached XP level 2. HP: 19/19 MP: 1/5
   888 | D:1      | Learned a level 2 spell: Searing Ray
  1136 | D:1      | Reached XP level 3. HP: 24/24 MP: 4/6
  2305 | D:2      | You fall into a shaft and drop 2 floors!
  2321 | D:4      | Found a glowing silver altar of Zin.
  2339 | D:4      | Noticed Eustachio
  2374 | D:4      | Noticed Pargi
  2388 | D:4      | Noticed Sigmund
  2392 | D:4      | HP: 1/24 [poisoned by an adder]
  2393 | D:4      | Succumbed to an adder's poison

Illustrated notes

Levels and vault maps discovered:
D:1:      nicolae_arrival_somewhat_less_tricky_arrival, layout_rooms,
          serial_shops, nicolae_shop_hallway_plus,
          wander_ebering_terrifying_dragon_lair
D:2:      layout_loops_corners
D:4:      layout_rooms, zin_statuary, temple_green, kennysheep_path_1,
          kennysheep_generic_room_3, uniq_eustachio, uniq_pargi, uniq_sigmund

Action                   || total
-------------------------++-------
Melee: Unarmed           ||    24
       Quarterstaff      ||     3
 Cast: Magic Dart        ||    48
       Searing Ray       ||     2
  Use: Scroll            ||     5
Armor: Robe              ||    14
Dodge: Dodged            ||    62
